Map: Ruins of Seras

Players

LiquidSnute (Snute) - Winner!

  • Race: Zerg Zerg
  • League: Grandmaster

Nerchio

  • Race: Zerg Zerg
  • League: Grandmaster

Event: 2016 WCS Winter Challenger Europe

VOD

Have the link to the VOD?

Description

Time

  • Played on: Feb. 14, 2016, 1:07 p.m.
  • Length: 4:55

All games in this series

Show
View Real Time Build Order
Export as new Build Order

LiquidSnute Zerg - Winner!

Build Orders: Hatch First 

Get SALT Encoding   

  12  0:00  Drone  
  13  0:12  Overlord  
  13  0:17  Drone  
  14  0:31  Drone x2  
  14  0:34  Drone  
  17  0:53  Hatchery  
  17  0:56  Drone  
  17  0:59  Drone  
  17  1:02  Extractor  
  17  1:15  Spawning Pool  
  16  1:18  Drone  
  16  1:22  Drone  
  18  1:29  Drone  
  19  1:38  Overlord  
  19  2:01  Queen  
  19  2:02  Zergling x4  
  19  2:05  Zergling x2  
  19  2:07  Queen  
  26  2:11  Zergling x2  
  26  2:14  Metabolic Boost  
  27  2:18  Zergling x2  
  28  2:25  Baneling Nest  
  28  2:29  Zergling x2  
  28  2:34  Zergling x4  
  30  2:42  Zergling x2  
  27  2:49  Zergling x4  
  27  2:54  Drone  
  27  2:58  Drone  
  30  3:05  Drone  
  30  3:09  Drone x2  
  30  3:11  Drone x2  
  34  3:18  Overlord  
  34  3:22  Baneling x3  
  34  3:26  Drone  
  34  3:35  Zergling x4  
  34  3:36  Zergling x2  
  34  3:39  Zergling x4  
  37  3:43  Baneling x2  
  37  3:46  Drone  
  37  3:51  Drone x2  
  37  3:55  Queen  
  41  4:01  Overlord  
  41  4:04  Drone x2  
  41  4:06  Drone  
  44  4:10  Overlord  
  44  4:20  Baneling  
  42  4:28  Drone  
  42  4:29  Drone x5  
  45  4:31  Drone  
  48  4:40  Drone  
  50  4:55  Extractor  
Show
View Real Time Build Order
Export as new Build Order

Nerchio Zerg 

Build Orders: Pool First 

Get SALT Encoding   

  12  0:01  Drone  
  13  0:10  Drone  
  14  0:15  Extractor  
  14  0:16  Drone  
  14  0:33  Spawning Pool  
  13  0:36  Drone  
  13  0:42  Extractor  
  13  0:44  Drone  
  15  0:52  Overlord  
  15  1:20  Metabolic Boost, Zergling x2, Queen  
  15  1:23  Zergling x2  
  19  1:27  Zergling x2  
  19  1:31  Zergling x2  
  21  1:42  Zergling x2  
  22  1:57  Hatchery  
  22  2:00  Zergling x2  
  22  2:08  Overlord  
  22  2:25  Queen  
  22  2:26  Drone x2  
  26  2:30  Drone  
  26  2:35  Drone  
  28  2:42  Overlord  
  28  2:46  Drone  
  26  2:53  Drone  
  26  3:02  Zergling x4  
  26  3:04  Spine Crawler  
  27  3:05  Zergling x2  
  27  3:09  Zergling x2  
  29  3:13  Zergling x2  
  29  3:20  Baneling Nest  
  29  3:23  Zergling x2  
  29  3:29  Zergling x2  
  30  3:38  Zergling x4  
  27  3:43  Drone x2  
  29  3:49  Zergling x2  
  29  3:50  Zergling x2  
  29  3:51  Drone  
  29  3:55  Drone  
  32  4:03  Evolution Chamber  
  32  4:04  Drone  
  32  4:07  Baneling  
  32  4:09  Drone  
  33  4:12  Drone  
  33  4:13  Baneling  
  34  4:18  Drone  
  34  4:23  Drone x2  
  35  4:27  Drone  
  29  4:33  Drone  
  30  4:39  Drone  
  30  4:40  Drone  
Tags
 
Add a new tag
Caveats
  • Supply blocks, unpowered buildings, or Contaminate may cause inaccurate times.
  • Supply counts are checked every 10 seconds.